[Event "Live Chess"]
[Site "Chess.com"]
[Date "2010.12.14"]
[Round "-"]
[White "hipposcottimus"]
[Black "jepone"]
[Result "1-0"]
[CurrentPosition "8/8/3Q2k1/5ppp/8/1P4P1/P4PKP/8 b - -"]
[Timezone "UTC"]
[ECO "B20"]
[ECOUrl "https://www.chess.com/openings/Sicilian-Defense"]
[UTCDate "2010.12.14"]
[UTCTime "04:06:57"]
[WhiteElo "1682"]
[BlackElo "1512"]
[TimeControl "60"]
[Termination "hipposcottimus won on time"]
[StartTime "04:06:57"]
[EndDate "2010.12.14"]
[EndTime "04:09:14"]
[Link "https://www.chess.com/game/live/77094431"]

1. e4 c5 2. Bb5 Nc6 3. Bxc6 bxc6 4. d4 Bb7 5. d5 cxd5 6. exd5 d6 7. Nf3 Qa5+ 8. Nc3 Nf6 9. O-O g6 10. Bg5 Bg7 11. Re1 O-O 12. Rxe7 Ba6 13. Re3 Rfe8 14. Qd2 Rxe3 15. Qxe3 Bb7 16. Re1 Nxd5 17. Nxd5 Bxd5 18. c4 Bxc4 19. b3 Be6 20. Be7 Bc3 21. Re2 Bd4 22. Nxd4 cxd4 23. Qe4 Bd5 24. Qg4 Re8 25. Qg5 Qc7 26. Qf6 Qxe7 27. Rxe7 Rxe7 28. Qxe7 Kg7 29. Qxd6 Kh6 30. Qxd5 f6 31. Qf3 Kg7 32. g3 h6 33. Kg2 g5 34. Qb7+ Kg6 35. Qxa7 h5 36. Qxd4 f5 37. Qd6+ Kf7 38. Qd5+ Kg6 39. Qd6+ 1-0

[Event "Live Chess"]
[Site "Chess.com"]
[Date "2010.12.14"]
[Round "-"]
[White "jepone"]
[Black "hipposcottimus"]
[Result "0-1"]
[CurrentPosition "r1b2rk1/ppp2ppp/3b1n2/8/4P3/5B2/P1PB2Pq/1R1QR2K w - -"]
[Timezone "UTC"]
[ECO "C30"]
[ECOUrl "https://www.chess.com/openings/Kings-Gambit-Declined-Queens-Knight-Defense-3.Nf3"]
[UTCDate "2010.12.14"]
[UTCTime "04:05:38"]
[WhiteElo "1517"]
[BlackElo "1677"]
[TimeControl "60"]
[Termination "hipposcottimus won by checkmate"]
[StartTime "04:05:38"]
[EndDate "2010.12.14"]
[EndTime "04:06:48"]
[Link "https://www.chess.com/game/live/77094168"]

1. e4 e5 2. f4 Nc6 3. Nf3 d5 4. Nxe5 Nxe5 5. fxe5 dxe4 6. Bc4 Qd4 7. Be2 Qxe5 8. O-O Nf6 9. Nc3 Bc5+ 10. Kh1 O-O 11. d3 Bd4 12. dxe4 Bxc3 13. Bd2 Bxb2 14. Rb1 Ba3 15. Re1 Bd6 16. Bf3 Qxh2# 0-1

[Event "Live Chess"]
[Site "Chess.com"]
[Date "2010.12.14"]
[Round "-"]
[White "hipposcottimus"]
[Black "jepone"]
[Result "0-1"]
[CurrentPosition "5r2/p5k1/2p3p1/7p/2PpQ3/3P4/P5PP/5qK1 w - -"]
[Timezone "UTC"]
[ECO "B20"]
[ECOUrl "https://www.chess.com/openings/Sicilian-Defense"]
[UTCDate "2010.12.14"]
[UTCTime "04:03:28"]
[WhiteElo "1672"]
[BlackElo "1522"]
[TimeControl "60"]
[Termination "jepone won by checkmate"]
[StartTime "04:03:28"]
[EndDate "2010.12.14"]
[EndTime "04:05:29"]
[Link "https://www.chess.com/game/live/77093752"]

1. e4 c5 2. Bb5 Nc6 3. Bxc6 bxc6 4. c4 Bb7 5. d3 g6 6. Nc3 Bg7 7. Nf3 Bxc3+ 8. bxc3 Nf6 9. Bd2 O-O 10. O-O d5 11. Re1 d4 12. e5 Nd7 13. e6 Nf6 14. exf7+ Rxf7 15. Ne5 Rf8 16. Bh6 Re8 17. Qf3 Qd6 18. Qh3 Bc8 19. Qh4 Bf5 20. Bg5 h5 21. cxd4 cxd4 22. Qg3 Qd7 23. Bxf6 Qe6 24. Nf3 Qxf6 25. Ng5 e5 26. f4 exf4 27. Qxf4 Rxe1+ 28. Rxe1 Rf8 29. Rf1 Kg7 30. Ne4 Bxe4 31. Qxe4 Qxf1# 0-1

[Event "Live Chess"]
[Site "Chess.com"]
[Date "2010.12.14"]
[Round "-"]
[White "jepone"]
[Black "hipposcottimus"]
[Result "0-1"]
[CurrentPosition "rnb1kb1r/pp3ppp/8/8/4p3/3P4/PPP1BqPP/R1BnRK2 w kq -"]
[Timezone "UTC"]
[ECO "C31"]
[ECOUrl "https://www.chess.com/openings/Kings-Gambit-Declined-Falkbeer-Milner-Barry-Variation"]
[UTCDate "2010.12.14"]
[UTCTime "04:01:43"]
[WhiteElo "1509"]
[BlackElo "1683"]
[TimeControl "60"]
[Termination "hipposcottimus won by checkmate"]
[StartTime "04:01:43"]
[EndDate "2010.12.14"]
[EndTime "04:03:19"]
[Link "https://www.chess.com/game/live/77093405"]

1. e4 e5 2. f4 d5 3. Nc3 d4 4. Nd5 c6 5. fxe5 cxd5 6. Nf3 dxe4 7. Nxd4 Qxd4 8. d3 Qxe5 9. Be2 Nf6 10. O-O Qd4+ 11. Kh1 Ng4 12. Re1 Nf2+ 13. Kg1 Nxd1+ 14. Kh1 Nf2+ 15. Kg1 Nd1+ 16. Kf1 Qf2# 0-1

[Event "Live Chess"]
[Site "Chess.com"]
[Date "2010.12.14"]
[Round "-"]
[White "hipposcottimus"]
[Black "Maestrodelacruz"]
[Result "1-0"]
[CurrentPosition "2r5/p3kpR1/2r1p3/P1NpP3/1Pb2P2/8/3B2PP/3Q2K1 b - -"]
[Timezone "UTC"]
[ECO "C02"]
[ECOUrl "https://www.chess.com/openings/French-Defense-Advance-Variation-3...c5"]
[UTCDate "2010.12.14"]
[UTCTime "03:59:06"]
[WhiteElo "1679"]
[BlackElo "1661"]
[TimeControl "60"]
[Termination "hipposcottimus won on time"]
[StartTime "03:59:06"]
[EndDate "2010.12.14"]
[EndTime "04:01:08"]
[Link "https://www.chess.com/game/live/77092821"]

1. e4 e6 2. d4 d5 3. e5 c5 4. f4 Nc6 5. c3 Qb6 6. Nf3 cxd4 7. cxd4 Bb4+ 8. Nc3 Nge7 9. Bb5 Nf5 10. Bxc6+ bxc6 11. O-O c5 12. Na4 Qa5 13. a3 Bd7 14. axb4 Nxd4 15. Nxd4 cxd4 16. bxa5 O-O 17. Nc5 Bb5 18. Rf2 Rac8 19. b4 Rc6 20. Bd2 Rfc8 21. Rf3 d3 22. Rxd3 Bxd3 23. Ra3 Bc4 24. Rh3 Kf8 25. Rxh7 Ke7 26. Rxg7 1-0

[Event "Live Chess"]
[Site "Chess.com"]
[Date "2010.12.14"]
[Round "-"]
[White "andrewBar"]
[Black "hipposcottimus"]
[Result "1-0"]
[CurrentPosition "8/R7/8/k7/3K4/7P/2r4P/8 b - -"]
[Timezone "UTC"]
[ECO "C55"]
[ECOUrl "https://www.chess.com/openings/Italian-Game-Two-Knights-Modern-Bishops-Opening-4...d5-5.exd5-Nxd5"]
[UTCDate "2010.12.14"]
[UTCTime "03:56:15"]
[WhiteElo "1602"]
[BlackElo "1671"]
[TimeControl "60"]
[Termination "andrewBar won on time"]
[StartTime "03:56:15"]
[EndDate "2010.12.14"]
[EndTime "03:58:33"]
[Link "https://www.chess.com/game/live/77092256"]

1. e4 e5 2. Nf3 Nc6 3. Bc4 Nf6 4. d3 d5 5. exd5 Nxd5 6. Bxd5 Qxd5 7. O-O Bd6 8. Nc3 Qe6 9. Ng5 Qd7 10. Qf3 O-O 11. Qh3 Qxh3 12. Nxh3 Bxh3 13. gxh3 Nd4 14. Kh1 Bb4 15. Rg1 Bxc3 16. bxc3 Nxc2 17. Rb1 Nd4 18. Bh6 Nf3 19. Rxg7+ Kh8 20. Ra1 Rg8 21. Rxg8+ Rxg8 22. Be3 Rg6 23. d4 exd4 24. Bxd4+ Kg8 25. Be3 a6 26. Rb1 Rf6 27. Rxb7 Ne5 28. Rxc7 Kg7 29. Ra7 Nc4 30. Rxa6 Nxe3 31. fxe3 Rf1+ 32. Kg2 Rc1 33. Ra4 Rxc3 34. Rg4+ Kh6 35. a4 Rxe3 36. a5 Re7 37. Ra4 Ra7 38. a6 Kg6 39. Kf3 Kf6 40. Ke4 Ke6 41. Kd4 Kd6 42. Kc4 Kc6 43. Ra1 Kb6 44. Rf1 Rxa6 45. Rxf7 Ka5 46. Rxh7 Rc6+ 47. Kd4 Rc2 48. Ra7+ 1-0

[Event "Live Chess"]
[Site "Chess.com"]
[Date "2010.12.14"]
[Round "-"]
[White "Beastin01"]
[Black "hipposcottimus"]
[Result "0-1"]
[CurrentPosition "r5k1/pp6/2P3p1/8/2P1P3/K2r4/4n3/8 w - -"]
[Timezone "UTC"]
[ECO "A01"]
[ECOUrl "https://www.chess.com/openings/Nimzowitsch-Larsen-Attack-Modern-Variation-2.Bb2"]
[UTCDate "2010.12.14"]
[UTCTime "03:53:15"]
[WhiteElo "1422"]
[BlackElo "1680"]
[TimeControl "60"]
[Termination "hipposcottimus won on time"]
[StartTime "03:53:15"]
[EndDate "2010.12.14"]
[EndTime "03:55:13"]
[Link "https://www.chess.com/game/live/77091584"]

1. b3 e5 2. Bb2 e4 3. e3 d5 4. Be2 Nf6 5. f3 c5 6. fxe4 dxe4 7. Bxf6 Qxf6 8. c3 Be7 9. Nh3 O-O 10. Rf1 Qh4+ 11. Nf2 Qxh2 12. c4 Qxg2 13. Nc3 Bh4 14. Nxe4 Bxf2+ 15. Rxf2 Qxe4 16. d3 Qh1+ 17. Rf1 Qh4+ 18. Rf2 Bh3 19. Qd2 Qg5 20. O-O-O Bg4 21. Bxg4 Qxg4 22. Rg2 Qe6 23. Rdg1 g6 24. e4 Nc6 25. Qg5 Nd4 26. Qh6 Nf3 27. Rxg6+ fxg6 28. Rxg6+ Qxg6 29. Qxg6+ hxg6 30. Kc2 Nd4+ 31. Kc3 Rf2 32. b4 Rxa2 33. bxc5 Ne2+ 34. Kb4 Rb2+ 35. Ka3 Rd2 36. c6 Rxd3+ 0-1

[Event "Live Chess"]
[Site "Chess.com"]
[Date "2010.12.14"]
[Round "-"]
[White "hipposcottimus"]
[Black "Beastin01"]
[Result "0-1"]
[CurrentPosition "rn2k1r1/ppp2p2/1b1p4/3Pp2Q/2P4B/8/P4PqP/RN3RK1 w q -"]
[Timezone "UTC"]
[ECO "C40"]
[ECOUrl "https://www.chess.com/openings/Kings-Pawn-Opening-Kings-Knight-Busch-Gass-Gambit"]
[UTCDate "2010.12.14"]
[UTCTime "03:51:15"]
[WhiteElo "1677"]
[BlackElo "1425"]
[TimeControl "60"]
[Termination "Beastin01 won by checkmate"]
[StartTime "03:51:15"]
[EndDate "2010.12.14"]
[EndTime "03:52:26"]
[Link "https://www.chess.com/game/live/77091312"]

1. e4 e5 2. Nf3 Bc5 3. b4 Bxb4 4. c3 Bc5 5. d4 Bb6 6. Be2 d6 7. O-O Nf6 8. Bg5 h6 9. Bh4 g5 10. Nxg5 hxg5 11. Bxg5 Rg8 12. Bh4 Be6 13. d5 Bxd5 14. exd5 Qd7 15. c4 Ne4 16. Bd3 Qg4 17. Bxe4 Qxe4 18. Qh5 Qxg2# 0-1

[Event "Live Chess"]
[Site "Chess.com"]
[Date "2010.12.14"]
[Round "-"]
[White "Beastin01"]
[Black "hipposcottimus"]
[Result "0-1"]
[CurrentPosition "3r2k1/p5bp/6p1/2p2b2/5P2/P2rBQ2/3R3P/6K1 w - -"]
[Timezone "UTC"]
[ECO "D00"]
[ECOUrl "https://www.chess.com/openings/Queens-Pawn-Opening-1...d5-2.e3"]
[UTCDate "2010.12.14"]
[UTCTime "03:48:57"]
[WhiteElo "1411"]
[BlackElo "1689"]
[TimeControl "60"]
[Termination "hipposcottimus won on time"]
[StartTime "03:48:57"]
[EndDate "2010.12.14"]
[EndTime "03:50:58"]
[Link "https://www.chess.com/game/live/77090854"]

1. d4 d5 2. e3 c6 3. Bd3 Nd7 4. a3 e6 5. b4 f6 6. c4 e5 7. dxe5 fxe5 8. c5 e4 9. Qh5+ g6 10. Qe2 Bg7 11. Bc2 Ne7 12. Nc3 O-O 13. Bb2 b6 14. f3 bxc5 15. bxc5 Nxc5 16. f4 Ba6 17. Qd1 Nf5 18. Bc1 Nd3+ 19. Bxd3 Bxd3 20. Nge2 Qa5 21. Bd2 Qc7 22. O-O c5 23. Nb5 Qf7 24. Nd6 Qe6 25. Nxf5 Qxf5 26. Nc3 d4 27. Nxe4 Bxe4 28. Rf2 dxe3 29. Bxe3 Rad8 30. Qe2 Bxa1 31. g4 Bg7 32. gxf5 Bxf5 33. Qf3 Rd3 34. Rd2 Rfd8 0-1

[Event "Live Chess"]
[Site "Chess.com"]
[Date "2010.12.14"]
[Round "-"]
[White "hipposcottimus"]
[Black "Beastin01"]
[Result "1-0"]
[CurrentPosition "5r1k/2pq2p1/pp1p2r1/3P3Q/2P2p1P/2B5/P3RPP1/4R1K1 b - -"]
[Timezone "UTC"]
[ECO "C00"]
[ECOUrl "https://www.chess.com/openings/French-Defense-St-George-Defense-3.Nf3"]
[UTCDate "2010.12.14"]
[UTCTime "03:46:31"]
[WhiteElo "1686"]
[BlackElo "1414"]
[TimeControl "60"]
[Termination "hipposcottimus won on time"]
[StartTime "03:46:31"]
[EndDate "2010.12.14"]
[EndTime "03:48:29"]
[Link "https://www.chess.com/game/live/77090263"]

1. e4 e6 2. d4 a6 3. Nf3 h6 4. c4 b6 5. d5 d6 6. Be2 exd5 7. cxd5 Be7 8. O-O Nf6 9. e5 O-O 10. exf6 Bxf6 11. Nc3 Bxc3 12. bxc3 Bf5 13. Bd3 Bxd3 14. Qxd3 Nd7 15. c4 Nc5 16. Qc3 Re8 17. Nd2 Qd7 18. Nb3 Ne4 19. Qf3 Re5 20. Nd2 Nxd2 21. Bxd2 Rf5 22. Qg3 Rf6 23. Rae1 Rg6 24. Qf3 Rf6 25. Qg3 Rf8 26. Re2 Rg6 27. Qf3 f5 28. Rfe1 f4 29. Bc3 Kh8 30. h4 h5 31. Qxh5+ 1-0

[Event "Live Chess"]
[Site "Chess.com"]
[Date "2010.12.14"]
[Round "-"]
[White "Beastin01"]
[Black "hipposcottimus"]
[Result "0-1"]
[CurrentPosition "6k1/p5pp/3N1b2/5bp1/8/P7/5PPP/2r3K1 w - -"]
[Timezone "UTC"]
[ECO "D00"]
[ECOUrl "https://www.chess.com/openings/Queens-Pawn-Opening-1...d5-2.e3"]
[UTCDate "2010.12.14"]
[UTCTime "03:43:37"]
[WhiteElo "1417"]
[BlackElo "1683"]
[TimeControl "60"]
[Termination "hipposcottimus won by checkmate"]
[StartTime "03:43:37"]
[EndDate "2010.12.14"]
[EndTime "03:45:31"]
[Link "https://www.chess.com/game/live/77089668"]

1. d4 d5 2. e3 c6 3. a3 Nd7 4. Bd3 e6 5. Nc3 Ngf6 6. e4 c5 7. e5 cxd4 8. exf6 dxc3 9. bxc3 Qxf6 10. Nf3 Qxc3+ 11. Qd2 Qxa1 12. O-O Qf6 13. c3 Be7 14. Bb2 O-O 15. c4 Qg6 16. Bxg6 fxg6 17. Ng5 dxc4 18. Nxe6 Rf6 19. Bxf6 Bxf6 20. Nc7 Rb8 21. Qf4 Ne5 22. Nb5 Bf5 23. Nd6 Rf8 24. Rc1 Be7 25. Nxb7 g5 26. Qxc4+ Nxc4 27. Rxc4 Rb8 28. Rc7 Bf6 29. Nd6 Rb1+ 30. Rc1 Rxc1# 0-1

[Event "Live Chess"]
[Site "Chess.com"]
[Date "2010.12.14"]
[Round "-"]
[White "hipposcottimus"]
[Black "Beastin01"]
[Result "0-1"]
[CurrentPosition "6k1/p4pp1/1p5p/1P3K2/P2b3P/5P2/8/4q3 w - -"]
[Timezone "UTC"]
[ECO "C00"]
[ECOUrl "https://www.chess.com/openings/French-Defense-Normal-Variation"]
[UTCDate "2010.12.14"]
[UTCTime "03:40:20"]
[WhiteElo "1680"]
[BlackElo "1420"]
[TimeControl "60"]
[Termination "Beastin01 won on time"]
[StartTime "03:40:20"]
[EndDate "2010.12.14"]
[EndTime "03:42:44"]
[Link "https://www.chess.com/game/live/77088929"]

1. e4 e6 2. d4 h6 3. Nf3 d6 4. c4 c6 5. Nc3 Qa5 6. Bd2 Qb6 7. Na4 Qc7 8. c5 Bd7 9. cxd6 Qxd6 10. e5 Qe7 11. Be2 c5 12. dxc5 Qxc5 13. Nxc5 Bc6 14. O-O Bxc5 15. Rc1 b6 16. b4 Be7 17. b5 Bd5 18. a4 Nd7 19. Rc7 Ngf6 20. Qc1 Ne4 21. Rc8+ Rxc8 22. Qxc8+ Bd8 23. Bc1 O-O 24. Bb2 Nec5 25. Qb7 Nxb7 26. Bd4 Na5 27. Be3 Nc4 28. Re1 Nxe3 29. fxe3 Bxf3 30. Bd1 Nxe5 31. Bxf3 Nxf3+ 32. gxf3 Bg5 33. Rf1 Bxe3+ 34. Kg2 Bc5 35. Re1 Rd8 36. Rc1 Rd2+ 37. Kg3 Be3 38. Kg4 Rg2+ 39. Kh3 Bxc1 40. Kxg2 Bb2 41. h4 Bd4 42. Kh3 e5 43. Kg2 e4 44. Kh3 e3 45. Kh2 e2 46. Kg3 e1=Q+ 47. Kg4 Qe2 48. Kf5 Qe1 0-1

[Event "Live Chess"]
[Site "Chess.com"]
[Date "2010.12.14"]
[Round "-"]
[White "Beastin01"]
[Black "hipposcottimus"]
[Result "0-1"]
[CurrentPosition "r6k/ppp5/7p/4N1p1/P5B1/3P3K/8/R7 w - -"]
[Timezone "UTC"]
[ECO "A00"]
[ECOUrl "https://www.chess.com/openings/Mieses-Opening-Reversed-Rat-Variation"]
[UTCDate "2010.12.14"]
[UTCTime "03:37:21"]
[WhiteElo "1406"]
[BlackElo "1692"]
[TimeControl "60"]
[Termination "hipposcottimus won on time"]
[StartTime "03:37:21"]
[EndDate "2010.12.14"]
[EndTime "03:39:25"]
[Link "https://www.chess.com/game/live/77088406"]

1. d3 e5 2. g3 d5 3. Bg2 d4 4. f3 f6 5. h3 Ne7 6. g4 Ng6 7. e3 Nf4 8. exf4 exf4 9. Qe2+ Be7 10. Bd2 O-O 11. Qf2 Re8 12. Ne2 Bb4 13. c3 dxc3 14. bxc3 Ba5 15. a4 Nc6 16. Na3 Bb6 17. Nc4 Bxf2+ 18. Kxf2 f5 19. Nd4 fxg4 20. hxg4 Nxd4 21. Bxf4 Re2+ 22. Kg3 Bxg4 23. cxd4 Bxf3 24. Bxf3 Re6 25. Ne5 Qxd4 26. Rhd1 Rg6+ 27. Kh3 Rh6+ 28. Kg4 Qd8 29. Bxh6 gxh6 30. Rg1 Qg5+ 31. Kh3 Kh8 32. Rxg5 hxg5 33. Bg4 h6 0-1

[Event "Live Chess"]
[Site "Chess.com"]
[Date "2010.12.14"]
[Round "-"]
[White "hipposcottimus"]
[Black "Beastin01"]
[Result "0-1"]
[CurrentPosition "3R3r/6bk/8/4p1p1/8/8/1P4PP/1N3RK1 w - -"]
[Timezone "UTC"]
[ECO "C00"]
[ECOUrl "https://www.chess.com/openings/French-Defense-Knight-Variation"]
[UTCDate "2010.12.14"]
[UTCTime "03:34:39"]
[WhiteElo "1689"]
[BlackElo "1409"]
[TimeControl "60"]
[Termination "Beastin01 won on time"]
[StartTime "03:34:39"]
[EndDate "2010.12.14"]
[EndTime "03:36:51"]
[Link "https://www.chess.com/game/live/77087858"]

1. e4 e6 2. Nf3 a6 3. d4 c6 4. c4 b5 5. d5 cxd5 6. cxd5 exd5 7. Qxd5 Nc6 8. Ng5 Qe7 9. a4 h6 10. axb5 Bb7 11. bxa6 Rxa6 12. Bxa6 Bxa6 13. Rxa6 hxg5 14. Ra8+ Nd8 15. Bxg5 f6 16. Bh4 g5 17. Bg3 Nh6 18. O-O Ng4 19. e5 Nxe5 20. Bxe5 fxe5 21. f4 d6 22. fxe5 dxe5 23. Re1 Bg7 24. Qc6+ Kf8 25. Rf1+ Kg8 26. Qc8 Qe8 27. Qxd8 Qxd8 28. Rxd8+ Kh7 0-1

[Event "Live Chess"]
[Site "Chess.com"]
[Date "2010.12.14"]
[Round "-"]
[White "hipposcottimus"]
[Black "leonardodavinci1964"]
[Result "1-0"]
[CurrentPosition "r1bq1rk1/ppp3pQ/2np1b2/6N1/3p1P2/2PB4/P1P3PP/R1B2RK1 b - -"]
[Timezone "UTC"]
[ECO "C00"]
[ECOUrl "https://www.chess.com/openings/Pirc-Defense-Small-Center-Defense"]
[UTCDate "2010.12.14"]
[UTCTime "03:31:39"]
[WhiteElo "1702"]
[BlackElo "1601"]
[TimeControl "60"]
[Termination "hipposcottimus won by checkmate"]
[StartTime "03:31:39"]
[EndDate "2010.12.14"]
[EndTime "03:32:35"]
[Link "https://www.chess.com/game/live/77087299"]

1. e4 e6 2. d4 d6 3. f4 Be7 4. Nf3 Nf6 5. e5 Nd5 6. Nc3 Nxc3 7. bxc3 O-O 8. Bd3 f5 9. exf6 Bxf6 10. O-O Nc6 11. Ng5 e5 12. Bxh7+ Kh8 13. Bd3 exd4 14. Qh5+ Kg8 15. Qh7# 1-0

[Event "Live Chess"]
[Site "Chess.com"]
[Date "2010.12.14"]
[Round "-"]
[White "hipposcottimus"]
[Black "El_Pie_Estupendo"]
[Result "1-0"]
[CurrentPosition "r5kr/3b3p/2n1N3/p2pP1Q1/1p1q4/1P1B4/P5PP/R4R1K b - -"]
[Timezone "UTC"]
[ECO "B12"]
[ECOUrl "https://www.chess.com/openings/Caro-Kann-Defense-2.d4"]
[UTCDate "2010.12.14"]
[UTCTime "03:28:32"]
[WhiteElo "1696"]
[BlackElo "1602"]
[TimeControl "60"]
[Termination "hipposcottimus won by checkmate"]
[StartTime "03:28:32"]
[EndDate "2010.12.14"]
[EndTime "03:30:03"]
[Link "https://www.chess.com/game/live/77086657"]

1. e4 c6 2. d4 e6 3. e5 d6 4. f4 f6 5. Nf3 fxe5 6. fxe5 d5 7. Bd3 c5 8. c3 cxd4 9. cxd4 Ne7 10. Nc3 Nec6 11. O-O Bd7 12. Re1 a6 13. Bg5 Be7 14. Qd2 b5 15. Ne2 b4 16. Ng3 a5 17. b3 Qb6 18. Nh5 Nxd4 19. Nxg7+ Kd8 20. Bxe7+ Kxe7 21. Nxd4 Qxd4+ 22. Kh1 Nc6 23. Qg5+ Kf8 24. Rf1+ Kg8 25. Nxe6# 1-0

[Event "Live Chess"]
[Site "Chess.com"]
[Date "2010.12.14"]
[Round "-"]
[White "hipposcottimus"]
[Black "stancy"]
[Result "1-0"]
[CurrentPosition "rn2R3/p4kpp/1p3q2/8/2p2r2/4Q3/P4PPP/4R1K1 b - -"]
[Timezone "UTC"]
[ECO "B07"]
[ECOUrl "https://www.chess.com/openings/Pirc-Defense-Modern-Defense-Geller-System"]
[UTCDate "2010.12.14"]
[UTCTime "03:26:00"]
[WhiteElo "1690"]
[BlackElo "1457"]
[TimeControl "60"]
[Termination "hipposcottimus won on time"]
[StartTime "03:26:00"]
[EndDate "2010.12.14"]
[EndTime "03:28:05"]
[Link "https://www.chess.com/game/live/77086096"]

1. e4 d6 2. Nf3 Bd7 3. d4 Nf6 4. e5 Nd5 5. c4 Nb6 6. Bf4 d5 7. c5 Nc4 8. Bxc4 dxc4 9. b3 b5 10. cxb6 cxb6 11. bxc4 Qc7 12. Na3 Qc6 13. Qc1 e6 14. d5 exd5 15. Nc2 dxc4 16. O-O Be7 17. Ncd4 Qc5 18. e6 Bxe6 19. Nxe6 fxe6 20. Re1 O-O 21. Be3 Qh5 22. Bg5 Bxg5 23. Nxg5 Rf5 24. Nxe6 Qg6 25. Nf4 Qf6 26. Re8+ Kf7 27. Qe3 Rxf4 28. Re1 1-0

[Event "Live Chess"]
[Site "Chess.com"]
[Date "2010.12.14"]
[Round "-"]
[White "hackbuddy"]
[Black "hipposcottimus"]
[Result "0-1"]
[CurrentPosition "8/8/3p1kqK/p4p2/1P1p4/8/8/8 w - -"]
[Timezone "UTC"]
[ECO "C20"]
[ECOUrl "https://www.chess.com/openings/Kings-Pawn-Opening-Wayward-Queen-Attack-2...Nc6-3.Bc4"]
[UTCDate "2010.12.14"]
[UTCTime "03:21:48"]
[WhiteElo "1445"]
[BlackElo "1687"]
[TimeControl "60"]
[Termination "hipposcottimus won by checkmate"]
[StartTime "03:21:48"]
[EndDate "2010.12.14"]
[EndTime "03:23:45"]
[Link "https://www.chess.com/game/live/77085176"]

1. e4 e5 2. Qh5 Nc6 3. Bc4 g6 4. Qf3 Nf6 5. Qc3 d6 6. Qb3 Qe7 7. Bxf7+ Qxf7 8. Qxf7+ Kxf7 9. Nf3 Kg7 10. d3 Be7 11. Bg5 Nd4 12. Bxf6+ Bxf6 13. Nxd4 exd4 14. c3 c5 15. cxd4 Bxd4 16. Nc3 b5 17. Rc1 b4 18. Nd5 Bb7 19. Nc7 Rac8 20. Ne6+ Kf6 21. Nxd4 cxd4 22. Rxc8 Rxc8 23. Ke2 Ba6 24. Rd1 Rc2+ 25. Rd2 Rxd2+ 26. Kxd2 Bb7 27. f3 a5 28. b3 Ke5 29. a4 bxa3 30. g3 a2 31. f4+ Ke6 32. f5+ Kf7 33. e5 gxf5 34. e6+ Kxe6 35. h4 a1=Q 36. g4 Qc3+ 37. Ke2 Bf3+ 38. Kxf3 Qxd3+ 39. Kf4 Qe4+ 40. Kg5 Qxg4+ 41. Kh6 Qxh4+ 42. Kg7 Qf6+ 43. Kxh7 Qf7+ 44. Kh6 Kf6 45. b4 Qg6# 0-1

[Event "Live Chess"]
[Site "Chess.com"]
[Date "2010.12.14"]
[Round "-"]
[White "71santiniF-4"]
[Black "hipposcottimus"]
[Result "0-1"]
[CurrentPosition "8/p6p/1b2p1p1/6P1/4kP2/3r1RKP/8/8 w - -"]
[Timezone "UTC"]
[ECO "A00"]
[ECOUrl "https://www.chess.com/openings/Anderssen-Opening-1...e5-2.b3-d5"]
[UTCDate "2010.12.14"]
[UTCTime "03:19:06"]
[WhiteElo "1423"]
[BlackElo "1684"]
[TimeControl "60"]
[Termination "hipposcottimus won on time"]
[StartTime "03:19:06"]
[EndDate "2010.12.14"]
[EndTime "03:21:17"]
[Link "https://www.chess.com/game/live/77084612"]

1. a3 e5 2. b3 d5 3. Bb2 c5 4. Bxe5 Bd6 5. Bb2 Nf6 6. Bxf6 O-O 7. Ra2 Qxf6 8. e3 d4 9. Qf3 Qxf3 10. Nxf3 dxe3 11. dxe3 Bg4 12. h3 Be6 13. Bc4 Nc6 14. Bxe6 fxe6 15. O-O Ne5 16. Nxe5 Bxe5 17. Nd2 Bc7 18. Nc4 Rad8 19. c3 b5 20. Rd2 bxc4 21. Rxd8 Rxd8 22. bxc4 Rd3 23. Rc1 Rd2 24. Kf1 Ra2 25. Rb1 Rxa3 26. Rb7 Bb6 27. Rb8+ Kf7 28. Rb7+ Kf6 29. Rd7 Rxc3 30. Rd6 Rc1+ 31. Ke2 Rxc4 32. Kf3 Ra4 33. g4 Rb4 34. Kg3 c4 35. f4 c3 36. g5+ Kf5 37. Rd4 Rb3 38. Rd3 g6 39. e4+ Kxe4 40. Rf3 Rb4 41. Rxc3 Rd4 42. Rf3 Rd3 0-1

[Event "Live Chess"]
[Site "Chess.com"]
[Date "2010.12.14"]
[Round "-"]
[White "hipposcottimus"]
[Black "hotchess"]
[Result "0-1"]
[CurrentPosition "5rk1/pp3p1p/4b1p1/3p4/8/5r2/P4qPP/4RK2 w - -"]
[Timezone "UTC"]
[ECO "B06"]
[ECOUrl "https://www.chess.com/openings/Modern-Defense-Pterodactyl-Defense-with-3-c4"]
[UTCDate "2010.12.14"]
[UTCTime "01:06:01"]
[WhiteElo "1684"]
[BlackElo "1969"]
[TimeControl "60"]
[Termination "hotchess won by checkmate"]
[StartTime "01:06:01"]
[EndDate "2010.12.14"]
[EndTime "01:07:15"]
[Link "https://www.chess.com/game/live/77055352"]

1. e4 g6 2. d4 Bg7 3. c4 c5 4. e5 cxd4 5. Qxd4 Nc6 6. Qe4 Bxe5 7. Nc3 Qb6 8. Nf3 Bxc3+ 9. bxc3 Nf6 10. Be2 Nxe4 11. Be3 Qb2 12. O-O Qxe2 13. Ng5 Nxg5 14. Bxg5 Qxc4 15. Rfe1 O-O 16. Bxe7 Nxe7 17. Rxe7 Qxc3 18. Rae1 d5 19. R7e3 Qd4 20. R3e2 Be6 21. Kf1 Rac8 22. f3 Rc3 23. Rb2 Rxf3+ 24. Rf2 Qxf2# 0-1

[Event "Live Chess"]
[Site "Chess.com"]
[Date "2010.12.14"]
[Round "-"]
[White "hipposcottimus"]
[Black "kembro13"]
[Result "1-0"]
[CurrentPosition "6k1/B4ppp/2Q5/3p4/4qPKb/4r3/P1P4P/8 b - -"]
[Timezone "UTC"]
[ECO "C50"]
[ECOUrl "https://www.chess.com/openings/Italian-Game-Hungarian-Defense-4.d4-exd4"]
[UTCDate "2010.12.14"]
[UTCTime "01:00:47"]
[WhiteElo "1687"]
[BlackElo "1721"]
[TimeControl "60"]
[Termination "hipposcottimus won on time"]
[StartTime "01:00:47"]
[EndDate "2010.12.14"]
[EndTime "01:03:01"]
[Link "https://www.chess.com/game/live/77054218"]

1. e4 e5 2. Nf3 Nc6 3. Bc4 Be7 4. d4 exd4 5. Nbd2 d6 6. Nb3 Nf6 7. Nbxd4 Nxe4 8. O-O d5 9. Bb5 Bd7 10. Bxc6 bxc6 11. Nd2 Nxd2 12. Qxd2 O-O 13. Re1 Bf6 14. Nf3 Re8 15. Re3 Bg4 16. Rxe8+ Qxe8 17. Qf4 Bxf3 18. gxf3 Qe1+ 19. Kg2 Re8 20. Be3 Qxa1 21. Qxc7 Qxb2 22. Qxc6 Qe5 23. Bxa7 Qg5+ 24. Kf1 Qe5 25. Kg2 Bh4 26. f4 Qe4+ 27. Kf1 Qe1+ 28. Kg2 Qxf2+ 29. Kh3 Re3+ 30. Kg4 Qg2+ 31. Kf5 Qe4+ 32. Kg4 1-0